 Dungeon Crawl Stone Soup version 0.21.1-1-g345015f (webtiles) character file.

19671 nikopol the Eclecticist (level 12, -5/62 HPs)
             Began as a Deep Elf Fire Elementalist on Feb 9, 2018.
             Was a Priest of Vehumet.
             Slain by a spiny frog (17 damage)
             ... on level 2 of the Lair of Beasts on Feb 11, 2018.
             The game lasted 01:17:56 (16886 turns).

nikopol the Eclecticist (DEFE)                     Turns: 16886, Time: 01:17:57

Health: -5/62      AC:  6    Str:  5    XL:     12   Next: 38%
Magic:  41/48      EV: 15    Int: 29    God:    Vehumet [***...]
Gold:   541        SH:  4    Dex: 15    Spells: 24/41 levels left

rFire    . . .     SeeInvis .   O - staff of power
rCold    . . .     Gourm    .   m - +0 buckler
rNeg     + . .     Faith    .   N - +0 robe {rN+}
rPois    .         Spirit   .   (no helmet)
rElec    .         Reflect  .   (no cloak)
rCorr    .         Harm     .   (no gloves)
MR       +....                  (no boots)
Stlth    +++.......             p - amulet of regeneration
HPRegen  0.60/turn              f - +4 ring of protection
MPRegen  0.31/turn              s - +3 ring of intelligence

@: no status effects
A: no striking features
a: Renounce Religion


You were on level 2 of the Lair of Beasts.
You worshipped Vehumet.
Vehumet was most pleased with you.
You were not hungry.

You visited 3 branches of the dungeon, and saw 13 of its levels.
You also visited: Labyrinth and Bailey.

You collected 727 gold pieces.
You spent 186 gold pieces at shops.

Inventory:

Armour
 m - a +0 buckler (worn)
 N - a +0 robe of positive energy (worn)
Magical Staves
 O - an uncursed staff of power (weapon)
Jewellery
 f - a +4 ring of protection (left hand)
 p - an amulet of regeneration (around neck)
 s - a +3 ring of intelligence (right hand)
 z - an uncursed ring of ice
 M - an uncursed ring of resist corrosion
Wands
 u - a wand of random effects (11)
 v - a wand of paralysis (29)
 x - a wand of acid (9)
 G - a wand of digging (17)
 H - a wand of clouds (17)
 L - a wand of iceblast (9)
 P - a wand of scattershot (9)
 S - a wand of polymorph (15)
Scrolls
 a - 4 scrolls of enchant weapon {unknown}
 e - 3 scrolls of blinking
 h - a scroll of acquirement {unknown}
 l - 3 scrolls of magic mapping
 n - 5 scrolls of remove curse
 o - 4 scrolls of teleportation
 r - 3 scrolls of fear {unknown}
 w - a scroll of summoning {unknown}
 y - a scroll of immolation {unknown}
 C - 3 scrolls of vulnerability {unknown}
 E - a scroll of noise {unknown}
 I - 4 scrolls of enchant armour {unknown}
 J - 2 scrolls of amnesia {unknown}
 R - a scroll of identify
Potions
 b - a potion of cancellation
 d - 4 potions of resistance
 g - a potion of berserk rage
 i - a potion of degeneration {unknown}
 j - 2 potions of haste
 k - 11 potions of curing
 q - a potion of mutation
 t - 2 potions of magic {unknown}
 A - 2 potions of lignification
 B - 2 potions of agility
 F - 2 potions of heal wounds
 K - a potion of invisibility {unknown}
Books
 D - the Papyrus of Damaging Dislocation
   (You found it on level 1 of the Lair of Beasts)

   Spells                             Type                      Level
   a - Shroud of Golubria             Charms/Translocation         2
   b - Throw Frost                    Conjuration/Ice              2
   c - Throw Flame                    Conjuration/Fire             2
   d - Static Discharge               Conjuration/Air              3
   e - Irradiate                      Conjuration/Transmutation    5
   f - Freezing Cloud                 Conjuration/Ice/Air          6
 T - a Grand Grimoire

   Spells                             Type                      Level
   a - Monstrous Menagerie            Summoning                    7
   b - Summon Greater Demon           Summoning                    7
   c - Malign Gateway                 Summoning/Translocation      7
   d - Summon Horrible Things         Summoning                    8
 U - a book of Maledictions

   Spells                             Type                      Level
   a - Corona                         Hexes                        1
   b - Ensorcelled Hibernation        Hexes/Ice                    2
   c - Confuse                        Hexes                        3
   d - Tukima's Dance                 Hexes                        3
   e - Dazzling Spray                 Conjuration/Hexes            3
Comestibles
 c - 31 rations


   Skills:
 + Level 1.9 Fighting
 + Level 5.8 Dodging
 + Level 4.5 Stealth
 + Level 1.3 Shields
 + Level 15.0 Spellcasting
 + Level 12.3 Conjurations
 + Level 12.0 Fire Magic
 + Level 0.1 Evocations


You had 24 spell levels left.
You knew the following spells:

 Your Spells              Type           Power        Failure   Level  Hunger
a - Flame Tongue          Conj/Fire      #####        0%          1    None
b - Throw Flame           Conj/Fire      ######       1%          2    None
c - Conjure Flame         Conj/Fire      #######.     1%          3    None
d - Fireball              Conj/Fire      #######...   1%          5    None
e - Magic Dart            Conj           ####         0%          1    None
f - Blink                 Tloc           N/A          4%          2    None
g - Dazzling Spray        Conj/Hex       ######       1%          3    None


Dungeon Overview and Level Annotations

Branches:
Dungeon (10/15)            Temple (1/1) D:7            Lair (2/6) D:9
 Spider (0/4) Lair:2
  Swamp: Lair:2-4    Shoals: Lair:2-4       Orc: D:9-12

Altars:
Dithmenos
Makhleb
Nemelex Xobeh
Okawaru
Qazlal
Ru
Sif Muna
Trog
Vehumet
Xom
Yredelemnul
Zin

Shops:
D:9 *(?


Message History

The spiny frog is severely wounded.
The spiny frog stings you.
Casting: Throw Flame
Confirm with . or Enter, or press ? or * to list all spells.
Aiming: Flame Tongue
Press: ? - help, Shift-Dir - straight line, f/p - spiny frog
Aim: a spiny frog (severely wounded)
The flame tongue hits the spiny frog.
The spiny frog is almost dead.
The spiny frog stings you!
* * * LOW HITPOINT WARNING * * *
Casting: Flame Tongue
Confirm with . or Enter, or press ? or * to list all spells.
Aiming: Flame Tongue
Press: ? - help, Shift-Dir - straight line, f/p - spiny frog
Aim: a spiny frog (almost dead)
The flame tongue hits the spiny frog.
The spiny frog appears unharmed.
The spiny frog is almost dead.
You block the spiny frog's attack. The spiny frog stings you!
You die...

#.##.#.......##..P#....#
##...#...#..#*P$..:...#*
....##P..##.,,,.......#
#....##.##,,**##.P#<.#*
#.......#**,* #.....#*
#.....#.# **####.#..##
#.......# ###.#......#
........###...#.F#..##
................@P..P#
#.####..##..........##
.#.###..##...##.##.##
........#.#######..##
######...### ##..#
..###P..##.## ###..P#
..........#.###P#..##
.##.#..#...........#
######..#.##########


You could see a spiny frog.

Vanquished Creatures
  A minotaur (Lab)
  A two-headed ogre (D:9)
  Sonja (D:10)
  A deep elf archer (Bailey)
  8 deep elf magi (Bailey)
  Joseph (D:7)
  2 spiny frogs
  A komodo dragon (Lair:2)
  A rime drake (Lair:2)
  3 jumping spiders (Lair:2)
  A queen bee (Lair:2)
  2 trolls
  5 hippogriffs
  6 blink frogs (Lair:2)
  Sigmund (D:3)
  A redback (Lair:2)
  2 wyverns (Lair:2)
  3 hogs (D:9)
  A human (D:9)
  11 yaks
  A steam dragon (D:10)
  2 hungry ghosts
  Menkaure (D:6)
  2 hell hounds (D:9)
  4 porcupines
  4 water moccasins
  A sky beast (D:9)
  An orc warrior (D:10)
  2 black bears
  4 ice beasts
  3 ogres
  A wolf (Lair:2)
  3 centaurs
  5 crocodiles
  7 bullfrogs
  4 scorpions
  27 killer bees
  An electric eel (D:7)
  A howler monkey (D:8)
  4 crimson imps
  A bullfrog zombie (D:5)
  7 hounds
  2 bullfrog skeletons
  3 jellies
  6 orc wizards
  2 centaur skeletons
  An iguana (D:5)
  2 hell rats (Lair:2)
  5 worker ants
  4 hound skeletons
  The ghost of SaintRoka the Chiller, a weakling VSIE of Cheibriados (D:3)
  A worker ant zombie (D:5)
  A howler monkey skeleton (D:5)
  4 gnolls (D:7)
  14 adders
  A river rat (Lair:2)
  A shadow imp (D:7)
  2 oozes
  An adder skeleton (D:6)
  6 dart slugs
  6 leopard geckos
  35 orcs
  2 giant cockroaches
  8 goblins
  10 hobgoblins
  8 jackals
  3 quokkas
  7 bats
  4 frilled lizards
  7 kobolds
  A leopard gecko skeleton (D:4)
  A leopard gecko zombie (D:6)
  A quokka skeleton (D:5)
  9 rats
298 creatures vanquished.

Vanquished Creatures (others)
  2 fungi (Lair:2)
  4 plants (Lair:2)
6 creatures vanquished.

Grand Total: 304 creatures vanquished

Notes
Turn   | Place    | Note
-------+----------+-------------------------------------------
     0 | D:1      | nikopol the Deep Elf Fire Elementalist began the quest for the Orb.
     0 | D:1      | Reached XP level 1. HP: 10/10 MP: 6/6
   306 | D:1      | Reached XP level 2. HP: 15/15 MP: 5/8
   702 | D:1      | Reached XP level 3. HP: 19/19 MP: 7/9
   715 | D:1      | Learned a level 2 spell: Throw Flame
   719 | D:1      | Learned a level 3 spell: Conjure Flame
  1530 | D:2      | Found a burning altar of Makhleb.
  1554 | D:2      | Reached XP level 4. HP: 24/24 MP: 6/11
  2016 | D:3      | Noticed Sigmund
  2164 | D:3      | Found a sparkling altar of Nemelex Xobeh.
  2179 | D:3      | Reached skill level 4 in Spellcasting
  2188 | D:3      | Reached skill level 5 in Fire Magic
  2267 | D:2      | Reached XP level 5. HP: 5/28 MP: 5/13
  2515 | D:3      | Noticed SaintRoka's ghost (weakling VSIE)
  2521 | D:3      | Killed SaintRoka's ghost
  3307 | D:3      | Killed Sigmund
  3307 | D:3      | Reached skill level 5 in Spellcasting
  3307 | D:3      | Reached XP level 6. HP: 32/32 MP: 2/15
  4176 | D:4      | Learned a level 5 spell: Fireball
  4189 | D:4      | Reached XP level 7. HP: 37/37 MP: 1/17
  4448 | D:4      | Reached skill level 6 in Spellcasting
  5283 | D:5      | Entered Level 5 of the Dungeon
  5594 | D:5      | Reached skill level 5 in Conjurations
  5715 | D:5      | Reached skill level 1 in Shields
  5715 | D:5      | Reached XP level 8. HP: 7/42 MP: 13/20
  6074 | D:5      | Reached skill level 7 in Spellcasting
  6388 | D:5      | Reached skill level 1 in Fighting
  6408 | D:5      | Learned a level 1 spell: Magic Dart
  6781 | D:6      | Reached skill level 8 in Spellcasting
  7038 | D:6      | Learned a level 2 spell: Blink
  7292 | D:6      | Noticed Menkaure
  7295 | D:6      | Killed Menkaure
  7295 | D:6      | Reached skill level 9 in Spellcasting
  7295 | D:6      | Reached XP level 9. HP: 48/48 MP: 17/24
  7678 | D:7      | Found a shimmering altar of Xom.
  8180 | D:7      | Noticed Joseph
  8192 | D:7      | Killed Joseph
  8662 | D:7      | Found a staircase to the Ecumenical Temple.
  8671 | Temple   | Entered the Ecumenical Temple
  8708 | Temple   | Became a worshipper of Vehumet
  8838 | D:7      | Noticed a troll
  8844 | D:7      | Killed a troll
  8844 | D:7      | Reached skill level 10 in Spellcasting
  9975 | D:9      | Found a staircase to the Lair.
 10160 | D:9      | Noticed a two-headed ogre
 10174 | D:9      | Killed a two-headed ogre
 10174 | D:9      | Reached skill level 11 in Spellcasting
 10174 | D:9      | Reached XP level 10. HP: 53/53 MP: 6/27
 10316 | D:9      | Found Cyity's Magic Scroll Shoppe.
 10411 | D:9      | Bought a scroll of blinking for 82 gold pieces
 10411 | D:9      | Bought a scroll of remove curse for 33 gold pieces
 10411 | D:9      | Bought a scroll of magic mapping for 38 gold pieces
 10411 | D:9      | Bought a scroll of teleportation for 33 gold pieces
 10451 | D:9      | Found Fouwk's Antique Weapon Boutique.
 10476 | D:9      | Found Tiahaont's General Store.
 10665 | D:9      | Reached skill level 12 in Spellcasting
 10847 | D:10     | Entered Level 10 of the Dungeon
 10883 | D:10     | Reached * piety under Vehumet
 10883 | D:10     | Offered knowledge of Sandblast by Vehumet.
 11023 | D:10     | Found a flagged portal.
 11030 | Bailey   | Entered a bailey
 11101 | Bailey   | Noticed a deep elf mage
 11108 | Bailey   | Killed a deep elf mage
 11148 | Bailey   | Noticed a deep elf mage
 11153 | Bailey   | Noticed a deep elf mage
 11156 | Bailey   | Killed a deep elf mage
 11164 | Bailey   | Killed a deep elf mage
 11164 | Bailey   | Reached skill level 10 in Conjurations
 11165 | Bailey   | Noticed a deep elf mage
 11170 | Bailey   | Killed a deep elf mage
 11270 | Bailey   | Noticed a deep elf mage
 11278 | Bailey   | HP: 1/53 [deep elf mage/bolt of lightning (29)]
 11308 | Bailey   | Killed a deep elf mage
 11308 | Bailey   | Reached skill level 13 in Spellcasting
 11308 | Bailey   | Reached XP level 11. HP: 19/57 MP: 16/30
 11347 | Bailey   | Noticed a deep elf archer
 11378 | Bailey   | Killed a deep elf archer
 11450 | Bailey   | Noticed a deep elf mage
 11458 | Bailey   | Killed a deep elf mage
 11458 | Bailey   | Reached skill level 10 in Fire Magic
 11469 | Bailey   | Noticed a deep elf mage
 11471 | Bailey   | Killed a deep elf mage
 11602 | Bailey   | Noticed a deep elf mage
 11612 | Bailey   | Killed a deep elf mage
 12037 | D:10     | Noticed Sonja
 12039 | D:10     | Killed Sonja
 12661 | Lair:1   | Entered Level 1 of the Lair of Beasts
 12747 | Lair:1   | Identified the Papyrus of Damaging Dislocation
 12899 | Lair:1   | Reached skill level 5 in Dodging
 13148 | Lair:1   | Offered knowledge of Sting by Vehumet.
 13494 | Lair:1   | Reached ** piety under Vehumet
 14009 | Lair:2   | Found a labyrinth entrance.
 14014 | Lab      | Entered a labyrinth
 14443 | Lab      | Paralysed by fainting for 8 turns
 15233 | Lab      | Noticed a minotaur
 15284 | Lab      | Killed a minotaur
 15284 | Lab      | Reached skill level 14 in Spellcasting
 15398 | Lab      | Got a slimy long sword {flame}
 15409 | Lab      | Got a warped scale mail
 15412 | Lab      | Got a slimy flail
 15432 | Lair:2   | Identified the +1 long sword of Intuition {flame, +Inv Str+2 Int+8 Dex-5} (You took it off a minotaur in a labyrinth)
 15443 | Lair:2   | Identified the +3 scale mail of Rueggull {rPois Int-3 Dex+5 Slay+2} (You found it in a labyrinth)
 15458 | Lair:2   | Identified the cursed +1 flail "Acwimei" {drain, Str+8} (You found it in a labyrinth)
 15548 | Lair:2   | Reached XP level 12. HP: 62/62 MP: 32/32
 15964 | Lair:2   | Offered knowledge of Ignite Poison by Vehumet.
 16046 | Lair:2   | Reached *** piety under Vehumet
 16629 | Lair:2   | Offered knowledge of Dazzling Spray by Vehumet.
 16641 | Lair:2   | Reached skill level 15 in Spellcasting
 16737 | Lair:2   | Learned a level 3 spell: Dazzling Spray
 16886 | Lair:2   | Slain by a spiny frog

Skill      XL: |  1  2  3  4  5  6  7  8  9 10 11 12 |
---------------+-------------------------------------+-----
Fire Magic     | 4 5 6 7 8 9 11 12 | 12.0
Conjurations   | 2 3 4 5 6 8 10 11 12 | 12.3
Spellcasting   | 4 5 6 9 11 13 14 15 | 15.0
Dodging        | 3 4 5 |  5.8
Stealth        | 3 4 |  4.5
Shields        | 1 |  1.3
Fighting       | 1 |  1.9
Evocations     | |  0.1

Action                   |  1- 3 |  4- 6 |  7- 9 | 10-12 || total
-------------------------+-------+-------+-------+-------++-------
Melee: Dagger            |       |     3 |    51 |       ||    54
 Cast: Flame Tongue      |    73 |   110 |   261 |   410 ||   854
       Conjure Flame     |       |     5 |     9 |    34 ||    48
       Throw Flame       |       |     3 |    33 |    37 ||    73
       Magic Dart        |       |       |    59 |       ||    59
       Fireball          |       |       |     5 |    37 ||    42
       Dazzling Spray    |       |       |       |     1 ||     1
Evoke: Wand              |       |       |       |     2 ||     2
  Use: Scroll            |       |       |     6 |     7 ||    13
       Potion            |       |       |       |     1 ||     1
  Eat: Chunk             |     2 |     7 |    17 |    13 ||    39
       Ration            |       |       |     1 |     3 ||     4
Armor: Robe              |     2 |    11 |    13 |    16 ||    42
Dodge: Dodged            |    12 |    48 |    89 |    49 ||   198
Block: Buckler           |       |    11 |    18 |    18 ||    47
